 Dungeon Crawl Stone Soup version 0.18-a0-596-g6468885 (webtiles) character file.

85058 Raultor the Basher (level 15, -2/121 HPs)
             Began as a Demonspawn Gladiator on Dec 3, 2015.
             Was the Champion of Makhleb.
             Killed from afar by a deep elf knight (31 damage)
             ... with a stone arrow
             ... on level 1 of the Elven Halls.
             The game lasted 02:17:51 (31983 turns).

Raultor the Basher (Demonspawn Gladiator)          Turns: 31983, Time: 02:17:52

Health: -2/121     AC: 24    Str: 29    XL:     15   Next: 36%
Magic:  24/24      EV: 19    Int: 12    God:    Makhleb [******]
Gold:   3238       SH:  6    Dex: 23    Spells: 2 memorised, 10 levels left

rFire  + . .     SeeInvis .     X - +2 morningstar (flame)
rCold  . . .     Clarity  .     M - +1 plate armour {MR+}
rNeg   . . .     SustAt   .     E - +0 buckler
rPois  +         Gourm    .     (helmet restricted)
rElec  .         Spirit   .     i - +2 cloak
rCorr  .         Dismiss  .     Y - +0 pair of gloves
rMut   .         Stasis   .     (no boots)
MR     ++...                    (no amulet)
Stlth  ..........               j - ring "Budaet" {rPois Str+4}
                                V - +5 ring of dexterity

@: mighty, agile, studying Dodging, very resistant to hostile enchantments,
extremely unstealthy
A: horns 2, molten scales 3, demonic guardian 1, powered by pain 2
a: Minor Destruction, Lesser Servant of Makhleb, Major Destruction, Greater
Servant of Makhleb, Renounce Religion


You were on level 1 of the Elven Halls.
You worshipped Makhleb.
Makhleb was exalted by your worship.
You were not hungry.

You visited 5 branches of the dungeon, and saw 25 of its levels.
You also visited: Sewer, Ice Cave and Volcano.

You collected 3238 gold pieces.

Inventory:

Hand Weapons
 X - a +2 morningstar of flaming (weapon)
   (You found it in a volcano)
Missiles
 d - 4 throwing nets {=f, !d}
 S - 5 javelins of penetration (quivered)
Armour
 i - a +2 cloak (worn)
   (You found it on level 1 of the Dungeon)
 E - a +0 buckler (worn)
   (You found it on level 10 of the Dungeon)
 L - a +1 scale mail of fire resistance
   (You found it in a volcano)
 M - a +1 plate armour of magic resistance (worn)
   (You took it off an orc warrior on level 4 of the Orcish Mines)
 W - an ice dragon hide {rC++, rF-}
   (You found it in an ice cave)
 Y - a +0 pair of gloves (worn)
   (You found it on level 3 of the Lair of Beasts)
Magical Staves
 p - an uncursed staff of air {rElec}
   (You found it on level 7 of the Lair of Beasts)
 G - an uncursed staff of cold {rC+}
   (You found it on level 6 of the Dungeon)
Jewellery
 j - the ring "Budaet" (right hand) {rPois Str+4}
   (You found it in an ice cave)

   [ring of poison resistance]

   It affects your strength (+4).
   It protects you from poison.
 u - an uncursed ring of fire {rF+, rC-}
   (You found it on level 4 of the Dungeon)
 z - an uncursed ring of protection from magic {MR+, !d}
   (You found it in an ice cave)
 D - an uncursed ring of protection from fire {rF+, !d}
   (You found it in an ice cave)
 N - a +1 ring of protection
   (You took it off an orc priest on level 7 of the Dungeon)
 R - an uncursed ring of protection from cold {rC+, !d}
   (You found it on level 9 of the Dungeon)
 U - an uncursed ring of positive energy {rN+}
   (You found it in an ice cave)
 V - a +5 ring of dexterity (left hand)
   (You found it on level 11 of the Dungeon)
Wands
 c - a wand of cold (6)
   (You found it on level 4 of the Lair of Beasts)
 C - a wand of paralysis (17)
   (You found it on level 5 of the Dungeon)
 J - a wand of draining (0)
   (You found it on level 7 of the Dungeon)
 O - a wand of paralysis (5)
   (You found it on level 4 of the Lair of Beasts)
Scrolls
 f - 2 scrolls of amnesia
 g - 7 scrolls of remove curse
 h - 3 scrolls of identify
 k - 8 scrolls of immolation {!r}
 n - 10 scrolls of teleportation
 q - 4 scrolls of magic mapping {!r}
 y - 4 scrolls of fog
 F - 3 scrolls of recharging
 I - a scroll of fear
 Z - 3 scrolls of enchant armour
Potions
 b - 2 potions of brilliance
 m - 11 potions of curing
 s - a potion of might
 t - 3 potions of magic
 v - a potion of invisibility
 x - 2 potions of ambrosia {!q}
 B - a potion of berserk rage {!q}
 H - 3 potions of flight
 Q - 3 potions of agility
Books
 l - a book of Flames
   (You found it on level 1 of the Lair of Beasts)
 A - a manual of Dodging {!d}
   (You found it on level 8 of the Lair of Beasts)
 T - a book of the Tempests
   (You found it on level 10 of the Dungeon)
Miscellaneous
 a - a plain deck of summoning
   (You found it on level 8 of the Lair of Beasts)
Comestibles
 e - 11 bread rations {@e1}
 o - 2 chunks of flesh {@w0}
 r - 5 beef jerkies
 w - 38 fruits
 K - 7 meat rations {@e2}
 P - 7 royal jellies


   Skills:
 + Level 12.2 Fighting
 + Level 14.7 Maces & Flails
 - Level 1.7 Throwing
 + Level 10.9 Armour
 + Level 8.2 Dodging
 - Level 4.1 Shields
 + Level 12.9 Invocations
 + Level 7.5 Evocations


You had 10 spell levels left.
You knew the following spells:

 Your Spells              Type           Power        Failure   Level  Hunger
b - Blink                 Tloc           N/A          100%        2    ###....
d - Repel Missiles        Chrm/Air       #.....       100%        2    ###....


Dungeon Overview and Level Annotations

Branches:
Dungeon (11/15)            Temple (1/1) D:6            Lair (8/8) D:11
 Shoals (0/4) Lair:5        Snake (0/4) Lair:5        Slime (0/6) Lair:6
    Orc (4/4) D:9             Elf (1/3) Orc:4

Altars:
Ashenzari
Cheibriados
Dithmenos
Elyvilon
Fedhas
Gozag
Kikubaaqudgha
Makhleb
Nemelex Xobeh
Okawaru
Pakellas
Qazlal
Ru
Sif Muna
Trog
Vehumet
Xom
Yredelemnul
Zin
The Shining One
Jiyva

Shops:
D:5 *   D:11 }   Orc:1 [(   Orc:4 (:[%

Annotations:
D:9 Gastronok
Lair:8 Kirke


Innate Abilities, Weirdness & Mutations

You have a pair of horns on your head.
You are completely covered in molten scales (AC +4, EV -1, rF+).
A weak demonic guardian rushes to your aid.
You sometimes gain power by taking damage.


Message History

You're too confused!
Are you sure you want to stumble around while confused and next to your iron imp?
Okay, then.
Are you sure you want to stumble around while confused and next to your iron imp?
You bump into the rock wall.
The deep elf knight points at you and mumbles some strange words.
The stone arrow hits you!
You focus on the pain.
You feel agile all of a sudden.
The deep elf summoner casts a spell.
The deep elf summoner blinks!
The tarantella completely misses you.
The deep elf knight unwields an uncursed longbow.
The deep elf knight wields an uncursed long sword of protection.
The deep elf knight hits you with an uncursed long sword of protection.
The deep elf knight hits you with a short sword!
You take 27 damage, and have 77/121 hp.
MASSIVE DAMAGE!!
Are you sure you want to stumble around while confused and next to your iron imp?
The deep elf knight's shroud bends your attack away!
The tarantella closely misses you.
The deep elf summoner gestures wildly while chanting.
The deep elf knight barely misses you.
Unknown command.
You're too confused!
You're too confused!
Drink which item? (? for menu, Esc to quit)
Okay, then.
Aim: a deep elf knight, wielding a short sword (lightly wounded, fast, shrouded)
The bolt of cold hits you!
You focus on the pain.
You feel very mighty all of a sudden.
Evoking this partially-identified wand wasted a few charges.
Your skill with magical items lets you calculate the power of this device...
This wand has 6 charges left.
The tarantella barely misses you.
The deep elf knight hits you but does no damage. x2
The tarantella closely misses you.
The deep elf knight points at you and mumbles some strange words.
The stone arrow misses you. The stone arrow hits your iron imp.
Your iron imp dies!
You take 20 damage, and have 57/121 hp.
You're too confused to move!
The tarantella barely misses you.
The deep elf knight hits you but does no damage. x2
The deep elf fighter gestures wildly while chanting.
The deep elf fighter blinks!
The tarantella closely misses you.
There is an open door here.
You puncture the tarantella! You burn the tarantella.
You headbutt the tarantella!
You feel less confused.
The tarantella bites you but does no damage.
The deep elf knight casts a spell.
The deep elf knight seems to speed up.
You impale the tarantella!! You burn the tarantella.
You kill the tarantella!
The tarantella's corpse disappears in a puff of smoke!
The deep elf summoner gestures wildly while chanting.
You barely miss the deep elf knight.
The deep elf knight hits you with a short sword.
You take 4 damage, and have 54/121 hp.
You miss the deep elf knight. You headbutt the deep elf knight!
You impale the deep elf knight!! You burn the deep elf knight!
You block the deep elf knight's attack.
You closely miss the deep elf knight.
Your headbutt misses the deep elf knight.
The deep elf knight completely misses you.
Your plate armour prevents you from hitting the deep elf knight.
Your headbutt misses the deep elf knight.
The deep elf knight hits you but does no damage.
You closely miss the deep elf knight. You headbutt the deep elf knight.
The deep elf knight closely misses you.
You closely miss the deep elf knight.
The deep elf knight gestures at you while chanting.
The stone arrow hits you!
* * * LOW HITPOINT WARNING * * *
You focus on the pain.
You feel more agile all of a sudden.
You take 36 damage, and have 19/121 hp.
MASSIVE DAMAGE!!
You closely miss the deep elf knight.
Your headbutt misses the deep elf knight.
The deep elf knight hits you with an uncursed long sword of protection!
* * * LOW HITPOINT WARNING * * *
You take 7 damage, and have 12/121 hp.
Unknown command.
You bludgeon the deep elf knight!! You burn the deep elf knight.
You kill the deep elf knight!
Makhleb accepts your kill.
You feel better.
You regained 16 hp, and now have 28/121 hp.
You closely miss the deep elf knight.
Your headbutt misses the deep elf knight.
You block the deep elf knight's attack.
The deep elf fighter gestures wildly while chanting.
The deep elf fighter seems to speed up.
You barely miss the deep elf knight. You headbutt the deep elf knight!!
The deep elf knight hits you but does no damage. x2
You closely miss the deep elf knight.
The hell rat twitches its whiskers.
The deep elf knight gestures at you while chanting.
The stone arrow hits you!
You die...

.. ## .. .. ♣♣. ## .
♣♣.. +. ...♣..r ##
#....ss## #...s{e#####
###..e#@##.### ####
#.e###.....########..#
#.es #...).'......'...
.... +.....########..#
..... ###.### ####
.... ### ####


You could see a deep elf knight, a tarantella, 2 redbacks and a hell rat.

Vanquished Creatures
  An orc warlord (Orc:3)
  Nessos (Orc:3)
  An ettin (Orc:3)
  A deep elf death mage (Elf:1)
  An ice dragon (IceCv)
  8 hydras
  14 death yaks
  The ghost of Charly the Severer, a novice DDGl of Makhleb (Orc:4)
  3 catoblepae (Lair:8)
  5 orc high priests
  Urug (D:11)
  3 deep elf knights (Elf:1)
  2 deep elf summoners (Elf:1)
  5 orc knights
  An ugly thing (D:11)
  A deep elf conjurer (Elf:1)
  2 griffons
  3 orc sorcerers
  4 elephants (Lair:6)
  A manticore (Lair:5)
  2 ice statues (IceCv)
  10 black mambas
  A gargoyle (D:10)
  A torpor snail (Lair:8)
  20 spiny frogs
  10 komodo dragons
  2 kobold demonologists (D:11)
  A deep elf priest (Elf:1)
  3 fire drakes
  3 polar bears
  Grinder (D:3)
  3 trolls
  3 two-headed ogres (D:10)
  A trapdoor spider zombie (D:11)
  6 blink frogs
  A slime creature (Lair:6)
  2 flying skulls (Volcano)
  3 wyverns
  6 hogs (Lair:8)
  62 yaks
  A vampire (Volcano)
  3 wolves (Lair:5)
  4 deep elf magi
  5 basilisks
  2 hungry ghosts
  A hog (shapeshifter) (D:10)
  5 deep elf fighters (Elf:1)
  12 hippogriffs
  13 water moccasins
  A phantom (D:9)
  31 orc warriors
  17 ice beasts
  3 wargs
  10 porcupines
  A wasp (D:11)
  15 ogres
  An eye of draining (D:8)
  4 sky beasts
  4 necrophages (D:11)
  7 black bears
  10 crocodiles
  A centaur (D:9)
  3 big kobolds (D:8)
  15 giant frogs
  10 killer bees
  5 scorpions
  2 troll zombies (D:9)
  10 wights
  A crimson imp (D:11)
  6 jellies
  2 centaur zombies
  A giant frog zombie (D:10)
  A quasit (D:6)
  A centaur skeleton (D:4)
  23 orc wizards
  45 orc priests
  6 hounds
  4 giant frog skeletons
  A gnoll shaman (D:7)
  7 worker ants
  Natasha (D:3)
  5 iguanas
  6 ogre zombies (D:9)
  28 sheep
  2 hound zombies
  3 mummies (Volcano)
  6 gnolls
  28 river rats
  A worker ant zombie (D:11)
  14 adders
  3 shadow imps
  11 oozes
  An adder skeleton (D:4)
  6 worms
  8 giant geckos
  149 orcs
  9 ball pythons
  10 giant cockroaches
  5 goblins
  9 hobgoblins
  15 jackals
  4 quokkas
  8 bats
  9 giant newts
  2 goblin zombies (D:9)
  2 hobgoblin skeletons (D:9)
  2 hobgoblin zombies (D:9)
  A jackal skeleton (D:6)
  29 kobolds
  An orc skeleton (D:9)
  17 orc zombies (D:9)
  3 quokka skeletons
  9 rats
  3 plants (Sewer)
904 creatures vanquished.

Vanquished Creatures (collateral kills)
  An ice dragon (IceCv)
  A hydra (Lair:7)
  Nergalle (Lair:4)
  2 orc knights (Orc:4)
  A fire drake (Lair:6)
  A komodo dragon (Lair:7)
  A deep elf fighter (Orc:4)
  2 yaks (D:10)
  Edmund (D:4)
  3 orc warriors
  An ice beast (IceCv)
  An ogre (D:5)
  A big kobold (D:8)
  2 orc priests
  An orc wizard (Orc:3)
  5 sheep
  An adder (Lair:5)
  7 orcs
  A hobgoblin zombie (D:9)
  A kobold (D:8)
35 creatures vanquished.

Vanquished Creatures (others)
  6 bushes (D:11)
  4 fungi
  22 plants
32 creatures vanquished.

Grand Total: 971 creatures vanquished

Notes
Turn   | Place    | Note
--------------------------------------------------------------
     0 | D:1      | Raultor the Demonspawn Gladiator began the quest for the Orb.
     0 | D:1      | Reached XP level 1. HP: 16/16 MP: 1/1
   226 | D:1      | Gained mutation: A weak demonic guardian rushes to your aid. [demonic ancestry]
   226 | D:1      | Reached XP level 2. HP: 22/22 MP: 2/2
   227 | D:1      | Reached skill level 3 in Maces & Flails
   544 | D:1      | Reached skill level 3 in Dodging
   612 | D:1      | Reached XP level 3. HP: 27/27 MP: 3/3
   760 | D:1      | Reached skill level 1 in Armour
  1317 | D:2      | Gained mutation: You have a pair of small horns on your head. [demonic ancestry]
  1317 | D:2      | Reached XP level 4. HP: 34/34 MP: 4/4
  1354 | D:2      | Found an ancient bone altar of Kikubaaqudgha.
  2056 | D:2      | Gained mutation: You are partially covered in molten scales (AC +1). [demonic ancestry]
  2056 | D:2      | Reached XP level 5. HP: 38/40 MP: 5/5
  2360 | D:3      | Reached skill level 4 in Maces & Flails
  2406 | D:3      | Reached skill level 3 in Fighting
  2552 | D:3      | Noticed Natasha
  2558 | D:3      | Killed Natasha
  2626 | D:3      | Noticed Grinder
  2694 | D:4      | Reached skill level 2 in Armour
  2742 | D:4      | Noticed Edmund
  2752 | D:4      | Killed Edmund
  2752 | D:4      | Reached XP level 6. HP: 40/47 MP: 6/6
  2972 | D:4      | Found a glowing golden altar of the Shining One.
  3192 | D:4      | Found a basalt altar of Yredelemnul.
  3193 | D:4      | Found a deep blue altar of Sif Muna.
  3193 | D:4      | Found a stormy altar of Qazlal.
  3193 | D:4      | Found a snail-covered altar of Cheibriados.
  3207 | D:4      | Found a sacrificial altar of Ru.
  3207 | D:4      | Found a blossoming altar of Fedhas.
  3340 | D:4      | Reached skill level 5 in Maces & Flails
  3568 | D:5      | Entered Level 5 of the Dungeon
  3671 | D:5      | Reached skill level 4 in Dodging
  3671 | D:5      | Gained mutation: You have a pair of horns on your head. [demonic ancestry]
  3671 | D:5      | Reached XP level 7. HP: 51/53 MP: 7/7
  3993 | D:5      | Reached skill level 4 in Fighting
  3993 | D:5      | Reached skill level 3 in Armour
  4093 | D:5      | Found Geun Ci Voo's General Store.
  4827 | D:6      | Reached skill level 6 in Maces & Flails
  4928 | D:6      | Gained mutation: You sometimes gain a little power by taking damage. [demonic ancestry]
  4928 | D:6      | Reached XP level 8. HP: 61/61 MP: 8/8
  4962 | D:6      | Found a glowing drain.
  5001 | Sewer    | Entered a sewer
  6240 | D:6      | Reached skill level 5 in Dodging
  6258 | D:6      | Found a staircase to the Ecumenical Temple.
  6264 | Temple   | Entered the Ecumenical Temple
  6486 | D:6      | Found a glowing silver altar of Zin.
  6839 | D:3      | Killed Grinder
  6839 | D:3      | Reached skill level 5 in Fighting
  6839 | D:3      | Reached skill level 4 in Armour
  7206 | D:7      | Reached skill level 7 in Maces & Flails
  7549 | D:7      | Gained mutation: You are mostly covered in molten scales (AC +3, EV -1). [demonic ancestry]
  7549 | D:7      | Reached XP level 9. HP: 58/68 MP: 9/9
  7754 | D:7      | Found a sparkling altar of Nemelex Xobeh.
  8333 | D:7      | Reached skill level 8 in Maces & Flails
  8347 | D:8      | Reached skill level 5 in Armour
  8466 | D:8      | Found a bloodstained altar of Trog.
  8593 | D:8      | Reached skill level 6 in Fighting
  8695 | D:8      | Reached skill level 6 in Dodging
  9027 | D:8      | Found a burning altar of Makhleb.
  9031 | D:8      | Became a worshipper of Makhleb the Destroyer
  9223 | D:8      | Reached skill level 1 in Invocations
  9427 | D:9      | Reached skill level 2 in Invocations
  9433 | D:9      | Reached skill level 9 in Maces & Flails
  9444 | D:9      | Gained mutation: You sometimes gain power by taking damage. [demonic ancestry]
  9444 | D:9      | Reached XP level 10. HP: 54/77 MP: 11/11
  9462 | D:9      | Found a staircase to the Orcish Mines.
  9489 | D:9      | Reached * piety under Makhleb
  9920 | D:9      | Reached skill level 6 in Armour
 10035 | D:9      | Reached skill level 3 in Invocations
 10195 | D:9      | Found a radiant altar of Vehumet.
 10209 | D:9      | Reached skill level 7 in Fighting
 10234 | D:9      | Reached ** piety under Makhleb
 10353 | D:9      | Found an oddly glowing altar of Pakellas.
 10508 | D:9      | Noticed Gastronok
 10531 | D:9      | HP: 17/79 [Gastronok/the air (29)]
 10791 | D:10     | Entered Level 10 of the Dungeon
 10824 | D:10     | Reached skill level 4 in Invocations
 11284 | D:10     | Found a blossoming altar of Fedhas.
 11334 | D:10     | Reached skill level 10 in Maces & Flails
 12091 | D:10     | Noticed a harpy
 12105 | D:10     | a harpy changed into a hog
 12377 | D:10     | Reached skill level 5 in Invocations
 12517 | D:10     | Reached XP level 11. HP: 47/86 MP: 15/15
 12930 | D:10     | Reached skill level 8 in Fighting
 12939 | D:10     | Reached *** piety under Makhleb
 12942 | D:10     | Reached skill level 7 in Armour
 13004 | D:10     | Reached skill level 6 in Invocations
 13611 | D:11     | Found a staircase to the Lair.
 13612 | D:11     | Noticed Urug
 13655 | D:11     | Killed Urug
 13719 | D:11     | Reached skill level 11 in Maces & Flails
 13748 | D:11     | Reached **** piety under Makhleb
 13801 | D:11     | Reached skill level 1 in Shields
 13852 | D:11     | Reached skill level 7 in Invocations
 13991 | D:11     | Found Hoekliv's Gadget Shop.
 14237 | D:11     | Found a blossoming altar of Fedhas.
 14254 | D:11     | Reached skill level 2 in Shields
 14268 | D:11     | Reached ***** piety under Makhleb
 14332 | D:11     | Reached skill level 9 in Fighting
 14334 | D:11     | Reached skill level 8 in Armour
 14417 | D:11     | Reached XP level 12. HP: 95/95 MP: 17/17
 14613 | Lair:1   | Entered Level 1 of the Lair of Beasts
 14631 | Lair:1   | Noticed a six-headed hydra
 14640 | Lair:1   | Killed a six-headed hydra
 14687 | Lair:1   | Reached skill level 8 in Invocations
 14693 | Lair:1   | HP: 18/95 [blink frog (16)]
 14695 | Lair:1   | HP: 7/95 [blink frog (12)]
 15204 | Lair:1   | Reached skill level 3 in Shields
 15877 | Lair:2   | Reached skill level 12 in Maces & Flails
 17108 | Lair:3   | Reached skill level 9 in Invocations
 17121 | Lair:3   | Reached skill level 4 in Shields
 17158 | Lair:3   | Reached ****** piety under Makhleb
 17558 | Lair:3   | Reached skill level 1 in Evocations
 17657 | Lair:4   | Noticed Nergalle
 18069 | Lair:4   | Killed Nergalle
 18069 | Lair:4   | Reached skill level 2 in Evocations
 18202 | Lair:4   | Found a frozen archway.
 18211 | IceCv    | Entered an ice cave
 18247 | IceCv    | Reached skill level 10 in Fighting
 18419 | IceCv    | Reached XP level 13. HP: 46/103 MP: 20/20
 18796 | IceCv    | HP: 13/103 [ice dragon/blast of cold (15)]
 18797 | IceCv    | HP: 6/103 [ice dragon (7)]
 18797 | IceCv    | Reached skill level 9 in Armour
 19146 | IceCv    | Got a faintly glowing brass ring
 19150 | IceCv    | Identified the ring "Budaet" {rPois Str+4} (You found it in an ice cave)
 19718 | Lair:5   | Reached skill level 3 in Evocations
 19898 | Lair:5   | Found a staircase to the Snake Pit.
 19941 | Lair:5   | Reached skill level 10 in Invocations
 19942 | Lair:5   | Reached skill level 13 in Maces & Flails
 20143 | Lair:5   | Found a staircase to the Shoals.
 20152 | Lair:5   | Reached skill level 4 in Evocations
 20517 | Lair:6   | Learned a level 2 spell: Repel Missiles
 20520 | Lair:6   | Learned a level 2 spell: Blink
 20914 | Lair:6   | Found a viscous altar of Jiyva.
 20915 | Lair:6   | Found a staircase to the Slime Pits.
 21392 | Lair:7   | Reached skill level 5 in Evocations
 21417 | Lair:7   | Reached skill level 11 in Invocations
 21670 | Lair:7   | Reached XP level 14. HP: 106/111 MP: 22/22
 21725 | Lair:7   | Reached skill level 11 in Fighting
 21892 | Lair:8   | Entered Level 8 of the Lair of Beasts
 22087 | Lair:8   | Reached skill level 10 in Armour
 22382 | Lair:8   | Reached skill level 14 in Maces & Flails
 22454 | Lair:8   | Reached skill level 6 in Evocations
 22502 | Lair:8   | Noticed Kirke
 22503 | Lair:8   | Noticed a balrug
 23675 | Lair:8   | Reached skill level 12 in Invocations
 24188 | Orc:1    | Entered Level 1 of the Orcish Mines
 24190 | Orc:1    | Found Ysues's Antique Weapon Boutique.
 24215 | Orc:1    | Paralysed by an orc sorcerer for 7 turns
 24459 | Orc:1    | Found Dacziep's Armour Boutique.
 25026 | Orc:2    | Found a bloodstained altar of Trog.
 25446 | Orc:3    | HP: 22/114 [ettin/dire flail (29)]
 25549 | Orc:3    | Found a dark tunnel.
 25562 | Volcano  | Entered a volcano
 26135 | Orc:3    | Found a radiant altar of Vehumet.
 26640 | Orc:4    | Entered Level 4 of the Orcish Mines
 26640 | Orc:4    | Noticed an orc warlord
 26640 | Orc:4    | Noticed Charly's ghost (novice DDGl)
 26767 | Orc:4    | Noticed Nessos
 27146 | Orc:3    | Noticed a balrug
 27916 | Orc:3    | Killed an orc warlord
 27916 | Orc:3    | Reached skill level 7 in Evocations
 28128 | Orc:3    | Killed Nessos
 28573 | Orc:4    | Gained mutation: You are completely covered in molten scales (AC +4, EV -1, rF+). [demonic ancestry]
 28573 | Orc:4    | Reached XP level 15. HP: 106/120 MP: 24/24
 28681 | Orc:4    | Found a staircase to the Elven Halls.
 29137 | Orc:4    | Reached skill level 7 in Dodging
 29202 | Orc:4    | Killed Charly's ghost
 29394 | Orc:4    | Found a bloodstained altar of Trog.
 29558 | Orc:4    | HP: 23/120 [orc priest/divine providence (10)]
 29562 | Orc:4    | HP: 8/120 [sixfirhy[an orc high priest] (7)]
 29963 | Orc:3    | HP: 25/120 [orc warrior/long sword of flaming (14)]
 30457 | Orc:3    | Reached skill level 12 in Fighting
 30740 | Orc:4    | HP: 16/120 [orc priest/divine providence (15)]
 31179 | Orc:4    | HP: 24/120 [orc priest/divine providence (8)]
 31182 | Orc:4    | HP: 8/120 [orc high priest/divine providence (13)]
 31669 | Orc:4    | Found Usag Utwall's Weapon Shop.
 31672 | Orc:4    | Found Feh Yhis's Food Shop.
 31673 | Orc:4    | Found Rotroke's Book Shop.
 31674 | Orc:4    | Found Tibi's Armour Boutique.
 31732 | Elf:1    | Entered Level 1 of the Elven Halls
 31855 | Elf:1    | Reached skill level 8 in Dodging
 31978 | Elf:1    | HP: 19/121 [deep elf knight/stone arrow (36)]
 31983 | Elf:1    | Killed from afar by a deep elf knight

Vault maps used:
D:1:      zaba_arrival_water, minmay_tree_intersection, kennysheep_another_room,
          minmay_shallow_snake_nest
D:2:      nicolae_overflow_crystal_walls, kennysheep_big_empty_room,
          minivault_27
D:3:      minmay_surrounded, uniq_natasha, uniq_grinder
D:4:      lemuel_doored_altar, minmay_overflow_temple_hex, first_bread,
          uniq_edmund
D:5:      serial_shops, shop, minmay_holes
D:6:      zin_scriptorium, minmay_temple_entry_nine_rooms, portal_sewer_entry_b
D:7:      nemelex_deck
D:8:      kennysheep_mini, special_room, basic_altar,
          hangedman_little_slice_of_home, grunt_tough_drop
D:9:      gammafunk_temple_overflow_pools, zombieorc2_lemuel, uniq_gastronok
D:10:     basic_altar
D:11:     minmay_goldmine, minmay_lair_entry_grove, serial_shops,
          kennysheep_little_box, minmay_door_square, st_stairs_8,
          fedhas_altar_decomposition, uniq_urug
Temple:   jpeg_temple_alley_garden_8
Lair:1:   lemuel_fruit_tree, infiniplex_staircase_pool_2
Lair:2:   hangedman_lair_unloving_vines, grunt_megastairs_2
Lair:4:   portal_ice_cave_entry_pillars_02, grunt_forest_large_clearings,
          uniq_nergalle
Lair:5:   minmay_shoals_entry_beasts, minmay_snake_entry_six_corridors
Lair:6:   slime_altar_1, serial_forest, infiniplex_forest_straight_4,
          infiniplex_forest_clump_large, infiniplex_forest_corner_2,
          infiniplex_forest_clump_medium, infiniplex_forest_lined_ring,
          beast_lair_carwin_11
Lair:7:   serial_bayou_pond_d
Lair:8:   evilmike_catoblepas_cave, minivault_24, serial_bayou_shore_b,
          uniq_kirke
Orc:1:    serial_shops, nicolae_shop_crystal, nicolae_shop_crystal
Orc:2:    bloody_trog
Orc:3:    basic_altar, enter_volcano_2, nicolae_orc_pool_cavern
Orc:4:    st_orc_pillars, basic_altar, uniq_nessos
Elf:1:    eino_elf_arrival_shootout, infiniplex_enter_wizlab_glasses,
          evilmike_minifort
Sewer:    sewer_co_scattered_pipes
IceCv:    ice_cave_small_dragons
Volcano:  volcano_tomb

Action                   |  1- 3 |  4- 6 |  7- 9 | 10-12 | 13-15 || total
-------------------------+-------+-------+-------+-------+-------++-------
Melee: Flail             |   142 |   169 |   340 |   866 |   955 ||  2472
       Mace              |       |       |   162 |   281 |       ||   443
       Morningstar       |       |       |       |       |   530 ||   530
       Unarmed           |       |       |       |       |    11 ||    11
 Fire: Hunting sling     |       |       |    11 |       |       ||    11
Throw: Stone             |       |   100 |    28 |       |       ||   128
       Javelin           |       |       |       |     1 |       ||     1
 Cast: Repel Missiles    |       |       |       |       |     2 ||     2
Invok: Lesser Servant of |       |       |       |     3 |     5 ||     8
       Major Destruction |       |       |       |     3 |       ||     3
       Minor Destruction |       |       |       |     1 |       ||     1
       Greater Servant o |       |       |       |       |     8 ||     8
Evoke: Wand              |       |       |       |     1 |     5 ||     6
  Use: Scroll            |       |     1 |       |    25 |    10 ||    36
       Potion            |       |       |       |     5 |     1 ||     6
 Stab: Sleeping          |     1 |       |       |       |       ||     1
       Distracted        |       |     2 |       |    15 |     8 ||    25
       Paralysed         |       |       |       |       |     7 ||     7
       Petrified         |       |       |       |       |     4 ||     4
       Confused          |       |       |       |       |     1 ||     1
  Eat: Chunk             |     2 |     6 |    15 |    28 |    38 ||    89
       Pizza             |       |       |     1 |     1 |       ||     2
       Bread ration      |       |       |     1 |       |       ||     1
       Royal jelly       |       |       |       |     2 |     2 ||     4
       Fruit             |       |       |       |       |     3 ||     3
       Beef jerky        |       |       |       |       |     1 ||     1

Vault maps used:
D:1:      zaba_arrival_water, minmay_tree_intersection, kennysheep_another_room,
          minmay_shallow_snake_nest
D:2:      nicolae_overflow_crystal_walls, kennysheep_big_empty_room,
          minivault_27
D:3:      minmay_surrounded, uniq_natasha, uniq_grinder
D:4:      lemuel_doored_altar, minmay_overflow_temple_hex, first_bread,
          uniq_edmund
D:5:      serial_shops, shop, minmay_holes
D:6:      zin_scriptorium, minmay_temple_entry_nine_rooms, portal_sewer_entry_b
D:7:      nemelex_deck
D:8:      kennysheep_mini, special_room, basic_altar,
          hangedman_little_slice_of_home, grunt_tough_drop
D:9:      gammafunk_temple_overflow_pools, zombieorc2_lemuel, uniq_gastronok
D:10:     basic_altar
D:11:     minmay_goldmine, minmay_lair_entry_grove, serial_shops,
          kennysheep_little_box, minmay_door_square, st_stairs_8,
          fedhas_altar_decomposition, uniq_urug
Temple:   jpeg_temple_alley_garden_8
Lair:1:   lemuel_fruit_tree, infiniplex_staircase_pool_2
Lair:2:   hangedman_lair_unloving_vines, grunt_megastairs_2
Lair:4:   portal_ice_cave_entry_pillars_02, grunt_forest_large_clearings,
          uniq_nergalle
Lair:5:   minmay_shoals_entry_beasts, minmay_snake_entry_six_corridors
Lair:6:   slime_altar_1, serial_forest, infiniplex_forest_straight_4,
          infiniplex_forest_clump_large, infiniplex_forest_corner_2,
          infiniplex_forest_clump_medium, infiniplex_forest_lined_ring,
          beast_lair_carwin_11
Lair:7:   serial_bayou_pond_d
Lair:8:   evilmike_catoblepas_cave, minivault_24, serial_bayou_shore_b,
          uniq_kirke
Orc:1:    serial_shops, nicolae_shop_crystal, nicolae_shop_crystal
Orc:2:    bloody_trog
Orc:3:    basic_altar, enter_volcano_2, nicolae_orc_pool_cavern
Orc:4:    st_orc_pillars, basic_altar, uniq_nessos
Elf:1:    eino_elf_arrival_shootout, infiniplex_enter_wizlab_glasses,
          evilmike_minifort
Sewer:    sewer_co_scattered_pipes
IceCv:    ice_cave_small_dragons
Volcano:  volcano_tomb

Table legend:
 A = Turns spent in this place as a percentage of turns spent in the entire game.
 B = Non-inter-level travel turns spent in this place as a percentage of non-inter-level travel turns spent in the entire game.
 C = Inter-level travel turns spent in this place as a percentage of turns spent in this place.
 D = Turns resting spent in this place as a percentage of non-inter-level travel turns spent in this place.
 E = Turns spent auto-exploring this place as a percentage of non-inter-level travel turns spent in this place.
 F = Non-inter-level travel turns spent in this place divided by the number of levels of this place that you've seen.
                   A       B       C       D       E      F
               +-------+-------+-------+-------+-------+----------------------
         Total | 100.0 | 100.0 |   0.6 |   2.5 |   9.3 | 292.4
       Dungeon |  41.5 |  41.5 |   0.6 |   2.2 |  11.1 | 308.6
        Temple |   0.2 |   0.2 |   6.7 |   0.0 |  35.7 |  14.0
          Lair |  29.6 |  29.6 |   0.5 |   1.6 |   7.9 | 303.4
  Orcish Mines |  20.5 |  20.4 |   0.9 |   4.6 |   8.0 | 417.5
   Elven Halls |   1.8 |   1.8 |   0.0 |   0.0 |   6.8 | 147.0
         Sewer |   2.7 |   2.7 |   0.0 |   2.3 |   9.5 | 220.0
      Ice Cave |   2.6 |   2.6 |   0.0 |   2.8 |   6.0 | 215.0
       Volcano |   1.2 |   1.2 |   0.0 |   5.1 |  13.1 |  99.0
               +-------+-------+-------+-------+-------+----------------------

Table legend:
 A = Kills in this place as a percentage of kills in entire the game.
 B = Kills by you in this place as a percentage of kills by you in the entire game.
 C = Kills by friends in this place as a percentage of kills by friends in the entire game.
 D = Other kills in this place as a percentage of other kills in the entire game.
 E = Experience gained in this place as a percentage of experience gained in the entire game.
 F = Experience gained in this place divided by the number of levels of this place that you have seen.
                   A       B       C       D       E      F
               +-------+-------+-------+-------+-------+----------------------
         Total | 100.0 | 100.0 | 100.0 |  -nan | 100.0 | 4339.7
       Dungeon |  42.7 |  43.3 |  28.6 |  -nan |  18.2 | 2005.4
          Lair |  26.4 |  26.4 |  25.7 |  -nan |  54.3 | 8251.4
  Orcish Mines |  24.4 |  23.8 |  40.0 |  -nan |  17.8 | 5411.8
   Elven Halls |   1.5 |   1.6 |   0.0 |  -nan |   5.5 | 6727.0
         Sewer |   2.4 |   2.4 |   0.0 |  -nan |   0.0 |  58.0
      Ice Cave |   2.0 |   1.9 |   5.7 |  -nan |   3.5 | 4298.0
       Volcano |   0.6 |   0.7 |   0.0 |  -nan |   0.6 | 712.0
               +-------+-------+-------+-------+-------+----------------------
